Map: White Rabbit LE

Players

eGGz

  • Race: Zerg Zerg
  • League: Master
  • Spawn Location: 7:00

SpeCial - Winner!

  • Race: Terran Terran
  • League: Master
  • Spawn Location: 1:00

VOD

Have the link to the VOD?

Description

Time

  • Played on: Jan. 31, 2026, 5:59 p.m.
  • Length: 8:38
Show
View Real Time Build Order
Export as new Build Order

eGGz Zerg 

Build Orders: Hatch First 

Get SALT Encoding   

  12  0:03  Drone  
  13  0:14  Overlord  
  13  0:16  Drone  
  14  0:33  Drone x2  
  16  0:38  Drone  
  17  0:50  Hatchery  
  17  0:54  Drone  
  17  0:58  Drone  
  18  1:08  Extractor  
  17  1:11  Spawning Pool  
  17  1:16  Drone  
  17  1:22  Drone  
  18  1:30  Drone  
  19  1:44  Drone  
  20  1:53  Hatchery  
  19  1:59  Queen  
  21  2:01  Zergling x2  
  21  2:02  Zergling x2  
  23  2:11  Queen  
  25  2:17  Overlord  
  25  2:20  Drone  
  26  2:26  Drone x2  
  27  2:40  Drone x3  
  27  2:42  Metabolic Boost  
  30  2:50  Overlord  
  30  2:57  Drone  
  30  2:58  Drone x2  
  33  3:01  Queen  
  35  3:08  Queen  
  35  3:10  Drone  
  38  3:13  Drone  
  38  3:16  Drone  
  40  3:20  Overlord  
  40  3:23  Drone x3  
  43  3:28  Drone x2  
  43  3:29  Drone  
  46  3:35  Drone  
  46  3:40  Overlord  
  47  3:44  Overlord, Queen  
  49  3:50  Drone x4  
  49  3:55  Queen  
  55  4:01  Queen  
  55  4:02  Drone  
  58  4:08  Drone x2  
  58  4:09  Zergling x6  
  62  4:16  Drone  
  62  4:17  Drone x4  
  65  4:18  Drone  
  65  4:22  Queen  
  70  4:27  Overlord  
  70  4:31  Overlord  
  70  4:33  Queen  
  70  4:38  Overlord  
  72  4:40  Lair  
  72  4:42  Drone  
  73  4:47  Overlord  
  73  4:51  Spore Crawler  
  73  4:52  Spore Crawler x2, Drone x3  
  73  4:53  Drone  
  73  4:55  Overlord  
  73  4:59  Overlord  
  74  5:04  Drone x5  
  79  5:07  Evolution Chamber  
  79  5:08  Drone x2  
  79  5:10  Drone, Extractor  
  79  5:13  Overlord  
  80  5:20  Extractor  
  79  5:21  Extractor  
  79  5:26  Overlord  
  78  5:28  Zergling x2  
  78  5:29  Zergling x10  
  78  5:35  Zerg Ground Armor Level 1  
  83  5:37  Drone  
  83  5:38  Drone, Evolution Chamber  
  83  5:40  Drone x2  
  83  5:41  Drone  
  87  5:45  Drone  
  87  5:46  Drone  
  87  5:47  Infestation Pit, Drone x2, Hatchery  
  89  5:52  Zergling x8  
  93  5:59  Drone x2  
  93  6:00  Overlord  
  93  6:02  Zergling x6  
  98  6:04  Zerg Melee Weapons Level 1  
  98  6:07  Extractor  
  98  6:10  Zergling x8  
  101  6:16  Drone x2  
  101  6:17  Overlord  
  99  6:30  Hive  
  99  6:33  Drone x2, Infestor  
  99  6:34  Hatchery  
  99  6:35  Zergling x16  
  108  6:51  Drone x6  
  108  6:52  Baneling Nest  
  108  6:53  Drone  
  114  6:59  Overlord  
  114  7:00  Zergling x8  
  118  7:02  Drone  
  118  7:03  Drone x3  
  118  7:08  Infestor  
  124  7:10  Zergling x2  
  124  7:11  Queen  
  124  7:12  Overlord  
  124  7:14  Overlord  
  127  7:17  Zergling x2  
  127  7:18  Zergling x6  
  130  7:27  Zergling x8  
  130  7:33  Zergling x2  
  130  7:34  Zergling x12  
  137  7:40  Baneling x3  
  137  7:43  Drone  
  137  7:44  Drone  
  137  7:46  Ultralisk Cavern  
  104  7:58  Zergling x18  
  104  7:59  Zergling x4  
  104  8:04  Zergling x8  
  100  8:08  Zergling x8  
  104  8:13  Zergling x6  
  104  8:15  Zergling x2  
  104  8:17  Baneling x4  
  104  8:18  Zergling x4  
Show
View Real Time Build Order
Export as new Build Order

SpeCial Terran - Winner!

Build Orders: Reaper Expand 

Get SALT Encoding   

  12  0:00  SCV  
  13  0:12  SCV  
  14  0:17  Supply Depot  
  14  0:24  SCV  
  15  0:38  SCV  
  15  0:39  Barracks  
  16  0:43  Refinery  
  16  0:50  SCV  
  17  1:03  SCV  
  18  1:15  SCV  
  19  1:27  Reaper, Orbital Command  
  20  1:38  Command Center  
  20  1:47  Supply Depot  
  20  1:54  SCV  
  20  1:59  Marine  
  22  2:06  SCV  
  23  2:11  Factory  
  23  2:18  SCV  
  23  2:20  Barracks Reactor  
  24  2:30  SCV  
  24  2:36  Command Center  
  25  2:43  SCV  
  26  2:50  Orbital Command  
  26  2:55  SCV  
  26  2:57  Starport  
  27  3:04  Refinery  
  27  3:08  SCV  
  27  3:09  Hellion  
  27  3:11  Hellion  
  32  3:13  Barracks Tech Lab  
  32  3:19  SCV  
  33  3:20  SCV  
  34  3:31  SCV  
  34  3:32  SCV  
  36  3:35  Hellion x2  
  36  3:41  Banshee  
  40  3:43  SCV  
  40  3:44  SCV, Barracks Tech Lab  
  45  3:53  Orbital Command  
  45  3:55  SCV  
  46  3:56  SCV  
  46  3:59  Barracks  
  47  4:05  Barracks  
  47  4:06  Marine  
  47  4:07  Stimpack  
  47  4:09  SCV  
  49  4:10  SCV  
  49  4:12  Factory Reactor  
  50  4:19  SCV, Supply Depot  
  50  4:21  SCV  
  52  4:28  SCV  
  52  4:31  SCV, Marine  
  55  4:33  SCV  
  55  4:35  Starport Reactor  
  56  4:40  SCV  
  56  4:41  Refinery x2  
  56  4:44  Orbital Command  
  58  4:45  SCV  
  58  4:49  Supply Depot  
  58  4:52  SCV  
  59  4:54  Marine x2  
  59  4:58  SCV  
  62  5:02  Engineering Bay  
  62  5:03  Marine x3  
  62  5:04  Engineering Bay, SCV  
  66  5:10  SCV  
  66  5:11  Marine x2  
  66  5:12  Supply Depot  
  66  5:13  Supply Depot  
  70  5:14  SCV  
  70  5:16  SCV  
  70  5:17  Medivac x2  
  70  5:21  Marine x2  
  77  5:30  Supply Depot  
  77  5:33  Marine x3  
  77  5:34  SCV x3  
  83  5:39  Marine x2, Terran Infantry Weapons Level 1  
  83  5:40  Terran Infantry Armor Level 1  
  85  5:46  SCV x3  
  85  5:49  Combat Shield  
  88  5:51  Marine x3  
  88  5:53  Supply Depot  
  88  5:55  Siege Tank  
  88  5:57  Marine  
  94  5:58  SCV x2  
  94  5:59  Marine  
  94  6:02  Medivac  
  100  6:08  SCV  
  100  6:10  Barracks  
  101  6:11  Barracks  
  101  6:14  Marine x4, Medivac  
  101  6:16  Supply Depot  
  101  6:17  SCV, Supply Depot  
  108  6:25  Marine  
  108  6:30  Supply Depot  
  109  6:36  Armory  
  109  6:38  Marine x4, SCV x3, Supply Depot  
  116  6:43  Marine  
  115  6:48  Siege Tank  
  115  6:50  SCV x2  
  115  6:53  SCV  
  121  6:54  Refinery  
  121  6:55  Marine x4  
  121  6:56  Factory  
  121  6:57  Supply Depot  
  121  6:58  Barracks Reactor x2  
  125  7:01  Marine  
  125  7:03  Supply Depot  
  125  7:06  Medivac x2  
  130  7:13  Marine x4  
  134  7:19  Marine  
  135  7:31  Marine x4  
  135  7:34  Marine x3  
  135  7:35  Marine  
  135  7:36  Medivac x2  
  146  7:37  Marine  
  146  7:41  Factory Reactor  
  146  7:43  SCV  
  148  7:49  Marine x4  
  150  7:52  Marine x2  
  150  7:53  Marine x2  
  150  7:56  Marine  
  139  7:59  Widow Mine  
  130  8:06  Medivac x2  
  130  8:07  Marine x4  
  130  8:08  Command Center  
  130  8:10  Marine x3  
  130  8:11  Marine  
  141  8:14  Marine  
  152  8:29  Barracks  
  152  8:30  Barracks  
Tags
 
Add a new tag
Caveats
  • Supply blocks, unpowered buildings, or Contaminate may cause inaccurate times.
  • Supply counts are checked every 10 seconds.